 Dungeon Crawl Stone Soup version 0.28-a0-925-gd5e1996cdb (webtiles) character file.

Game seed: 7237001124814989692

29 gigimoi the Cutter (level 3, -2/23 (24) HPs)
             Began as a Kobold Berserker on Nov 26, 2021.
             Was a Follower of Trog.
             Succumbed to Crazy Yiuf's poison
             ... on level 2 of the Dungeon.
             The game lasted 00:02:44 (1096 turns).

gigimoi the Cutter (Kobold Berserker)               Turns: 1096, Time: 00:02:45

HP:   -2/23 (24)    AC:  5    Str: 21    XL:     3   Next: 32%
MP:   3/3           EV: 14    Int:  8    God:    Trog [*.....]
Gold: 24            SH:  5    Dex: 14    Spells: 2/2 levels left

rFire   . . .      SeeInvis .   a - +0 short sword
rCold   . . .      Faith    .   (shield restricted)
rNeg    . . .      Spirit   .   d - +0 ring mail
rPois   .          Reflect  +   (no helmet)
rElec   .          Harm     .   (no cloak)
rCorr   .          Rampage  .   (no gloves)
Will    .....                   (no boots)
Stlth   ++........              i - amulet of reflection
HPRegen 0.07/turn               h - +6 ring of strength
MPRegen 0.08/turn               (no ring)

@: lethally poisoned (-2 -> -16), lightly drained, invisible
A: small, no large weapons, nightstalker 3
a: Renounce Religion, Berserk


You were on level 2 of the Dungeon.
You worshipped Trog.
Trog was aware of your devotion.
You visited 1 branch of the dungeon, and saw 2 of its levels.

You collected 24 gold pieces.

Inventory:

Hand Weapons
 a - a +0 short sword (weapon)
Armour
 b - a +0 animal skin
 d - a +0 ring mail (worn)
Jewellery
 h - a +6 ring of strength (left hand)
 i - an amulet of reflection (around neck)
Scrolls
 c - a scroll of fog {unknown}
 f - a scroll of magic mapping {unknown}
 g - 2 scrolls of identify {unknown}
Potions
 e - a potion of degeneration {unknown}


   Skills:
 * Level 3.8 Fighting
 * Level 4.6 Short Blades
 + Level 1.8 Armour
 + Level 2.8 Dodging


You had 2 spell levels left.
You didn't know any spells.
Your spell library was empty.

Dungeon Overview and Level Annotations

Branches:
Dungeon (2/15)

Altars:
Trog

Annotations:
D:2 Crazy Yiuf


Innate Abilities, Weirdness & Mutations

You are small and have problems with some larger weapons.
You are completely attuned to the shadows.


Message History

You see here a +0 mace.
Found a runed translucent door.
Found a mace.
Crazy Yiuf shouts!
As you open the door, it creaks loudly!
You hit Crazy Yiuf but do no damage. You hit Crazy Yiuf but do no damage.
Crazy Yiuf barely misses you.
You closely miss Crazy Yiuf. Crazy Yiuf barely misses you.
You hit Crazy Yiuf but do no damage.
Crazy Yiuf hits you with a +2 quarterstaff of chaos.
You feel drained.
You closely miss Crazy Yiuf.
Crazy Yiuf whimpers, "Goldfish eyeball mobile!"
Crazy Yiuf closely misses you.
You barely miss Crazy Yiuf.
Crazy Yiuf hits you with a +2 quarterstaff of chaos.
You closely miss Crazy Yiuf. You block Crazy Yiuf's attack.
You hit Crazy Yiuf.
Crazy Yiuf is lightly wounded.
Crazy Yiuf hits you with a +2 quarterstaff of chaos.
You fade into invisibility!
You hit Crazy Yiuf but do no damage.
Crazy Yiuf is lightly wounded.
You hit Crazy Yiuf.
Crazy Yiuf is moderately wounded.
Crazy Yiuf misses you.
You barely miss Crazy Yiuf.
Crazy Yiuf is moderately wounded.
Crazy Yiuf hits you with a +2 quarterstaff of chaos.
* * * LOW HITPOINT WARNING * * *
You are lethally poisoned!
You puncture Crazy Yiuf!
Crazy Yiuf is heavily wounded.
* * * LOW HITPOINT WARNING * * *
You feel very sick. Crazy Yiuf closely misses you.
You strike the helpless Crazy Yiuf from behind!
You hit Crazy Yiuf.
Crazy Yiuf is severely wounded.
You die...

...... #...# #.# #..# # #.#
#####..# # #.# #....#.# #
#.##### #....#.## ####.....#
## ####....#.>. ........##
)..### ##P....######
#######.# ...g@####P.....# #
#.# ...##..#.)....####### #
##.## ## ###.#.P..##.....# #
#...# #########.....# #...#
#.....# #...# ### #.....#
#...############.#####.....#
#...................##.....#
###########.........##.....#


You could see Crazy Yiuf.

Vanquished Creatures
  2 adders (D:2)
  A giant cockroach (D:1)
  4 goblins (D:1)
  2 ball pythons (D:1)
  A kobold (D:1)
  2 rats (D:1)
12 creatures vanquished.

Notes
Turn   | Place    | Note
-------+----------+-------------------------------------------
     0 | D:1      | gigimoi the Kobold Berserker began the quest for the Orb.
     0 | D:1      | Reached XP level 1. HP: 14/14 MP: 1/1
   262 | D:1      | Found a faded altar of an unknown god.
   363 | D:1      | Reached XP level 2. HP: 19/19 MP: 2/2
   762 | D:2      | Found a bloodstained altar of Trog.
   815 | D:2      | Reached XP level 3. HP: 15/24 MP: 3/3
  1078 | D:2      | Found a runed translucent door.
  1081 | D:2      | Noticed Crazy Yiuf
  1095 | D:2      | HP: 1/23 [poisoned by Crazy Yiuf]
  1096 | D:2      | Succumbed to Crazy Yiuf's poison

Illustrated notes

Levels and vault maps discovered:
D:1:      psy_arrival_basics, layout_loops_ring,
          shapermc_ecumenical_altar_ellora
D:2:      layout_basic, basic_altar, minmay_randomly_rotated_circles,
          uniq_crazy_yiuf_cottage

Action                   || total
-------------------------++-------
Melee: Short sword       ||    61
 Stab: Sleeping          ||     2
       Invisible         ||     1
Armor: Ring mail         ||    11
       Animal skin       ||     1
Dodge: Dodged            ||    30
Block: Other             ||     1

Table legend: (Time is in decaauts)
 A = Elapsed time spent in this place.
 B = Non-inter-level travel time spent in this place.
 C = Inter-level travel time spent in this place.
 D = Time resting spent in this place.
 E = Time spent auto-exploring this place.
 F = Levels seen in this place.
 G = Mean time per level.
                   A        B        C        D        E       F      G
               +--------+--------+--------+--------+--------+-----+--------+
         Total |   1088 |   1072 |     16 |      0 |    936 |   2 |  544.0 |
       Dungeon |   1088 |   1072 |     16 |      0 |    936 |   2 |  544.0 |
               +--------+--------+--------+--------+--------+-----+--------+

Top non-repeatable levels by time:
     D:1: 756 daAuts
     D:2: 332 daAuts
